 Dungeon Crawl Stone Soup version 0.31-a0-702-gf82c85558f (webtiles) character file.

Game seed: 8700103861005291429

100 qw the Shooter (level 4, -4/28 HPs)
             Began as a Gargoyle Hunter on Sept 8, 2023.
             Slain by Sigmund
             ... wielding a +1 heavy scythe
              (16 damage)
             ... on level 4 of the Dungeon.
             The game lasted 00:00:53 (2377 turns).

qw the Shooter (Gargoyle Hunter)                    Turns: 2377, Time: 00:00:54

Health: -4/28      AC:  9    Str: 20    XL:     4   Next: 74%
Magic:  4/4        EV: 11    Int: 10    God:
Gold:   130        SH:  0    Dex: 15    Spells: 3/3 levels left

rFire   . . .        Y - +1 shortbow (flame)
rCold   . . .        (shield currently unavailable)
rNeg    + . .        h - +3 leather armour
rPois   inf          (no helmet)
rElec   +            (no cloak)
rCorr   .            (no gloves)
SInv    .            (no boots)
Will    +....        g - amulet of faith
Stlth   ++           i - +6 ring of strength
HPRegen 0.24/turn    c - ring of willpower
MPRegen 0.09/turn

%: faith
@: no status effects
A: sickness immunity, AC +3, negative energy resistance 1, electricity
resistance, torment resistance 1, petrification resistance
a: no special abilities


You were on level 4 of the Dungeon.
You visited 1 branch of the dungeon, and saw 4 of its levels.

You collected 130 gold pieces.


Innate Abilities, Weirdness & Mutations

You are immune to sickness and miasma.
Your stone body is resilient. (AC +3)
You are immune to poison.
You resist negative energy. (rN+)
You are resistant to electric shocks. (rElec)
You are resistant to unholy torment.
You are immune to petrification.


   Skills:
 - Level 3.1 Fighting
 + Level 5.6 Ranged Weapons
 - Level 1.5 Dodging
 - Level 1.1 Stealth


You had 3 spell levels left.
You didn't know any spells.
Your spell library was empty.

Inventory:

Hand Weapons
 Y - a +1 shortbow of flaming (weapon)
Armour
 h - a +3 leather armour (worn)
Jewellery
 c - a ring of willpower (right hand)
 g - an amulet of faith (around neck)
 i - a +6 ring of strength (left hand)
Potions
 b - a potion of curing
 d - a potion of attraction {unknown}
 e - a potion of degeneration {unknown}
 k - a potion of enlightenment {unknown}

Dungeon Overview and Level Annotations

Branches:
Dungeon (4/15)
 Temple: D:4-7

Altars:

Annotations:
D:4 Sigmund


Message History

Sigmund mumbles some strange words.
Sigmund flickers and vanishes!
Deactivating autopickup; reactivate with Ctrl-A.
There is a stone staircase leading up here.
There is a strange disturbance nearby!
You shoot an arrow. You shoot an arrow. Something hits you!
2341 ||| STAIRDANCE You climb upwards.
Reactivating autopickup.
There is a stone staircase leading down here.
You start resting.
HP restored.
Done exploring.
What level of the Dungeon? (default 4, ? - help)
You climb downwards.
Level annotation: Sigmund Sigmund barely misses you.
There is a stone staircase leading up here.
Sigmund is nearby!
You shoot an arrow. The arrow barely misses Sigmund.
You shoot an arrow.
The arrow hits Sigmund but does no damage.
Sigmund is lightly wounded.
Sigmund closely misses you.
You shoot an arrow. The arrow barely misses Sigmund.
You shoot an arrow. The arrow barely misses Sigmund.
Sigmund hits you with a +1 heavy scythe.
You shoot an arrow. The arrow closely misses Sigmund.
You shoot an arrow. The arrow barely misses Sigmund.
Sigmund points at you and mumbles some strange words.
The puff of flame hits you! Sigmund casts a spell at you.
The magic dart hits you.
You shoot an arrow. The arrow barely misses Sigmund.
Sigmund hits you with a +1 heavy scythe!
Ouch! That really hurt!
You die...
Sigmund begins carving another notch in his scythe.

..... #...
..... ...
.....$ #..# .
#..... ... ..
......# ..##...
...#)..#.......
...............
##....#@.......
#......@.......
.....##........
.... ##....#..
... ....... ..
.....#. .
##.#.# ..#..
$.#..


You could see Sigmund.

Vanquished Creatures
  3 adders
  A dart slug (D:3)
  An orc (D:3)
  9 ball pythons
  6 bats
  10 endoplasms
  3 giant cockroaches
  4 goblins
  6 hobgoblins
  3 jackals (D:3)
  6 kobolds
  2 quokkas (D:1)
  4 frilled lizards
  2 rats
60 creatures vanquished.

Notes
Turn   | Place    | Note
-------+----------+-------------------------------------------
     0 | D:1      | qw the Gargoyle Hunter began the quest for the Orb.
     0 | D:1      | Reached XP level 1. HP: 12/12 MP: 1/1
     0 | D:1      | 0 ||| qw: Version: 0.3-a-76-g4403597
     0 | D:1      | 0 ||| qw: Game counter: 1156
     0 | D:1      | 0 ||| qw: Melee chars always use a shield: true
     0 | D:1      | 0 ||| qw: God list: Okawaru
     0 | D:1      | 0 ||| qw: Allow faded altars: false
     0 | D:1      | 0 ||| qw: Do Orc after clearing Dungeon:15 true
     0 | D:1      | 0 ||| qw: Do second Lair branch before Depths: true
     0 | D:1      | 0 ||| qw: Lair rune preference: random
     0 | D:1      | 0 ||| qw: Goals: Normal
     0 | D:1      | 0 ||| PLANNING D:1-11
   163 | D:1      | Reached XP level 2. HP: 17/17 MP: 2/2
   539 | D:1      | 539 ||| UPGRADING to +3 leather armour.
   549 | D:1      | 549 ||| DROPPING +0 leather armour.
   550 | D:1      | 550 ||| UPGRADING to amulet of faith.
   555 | D:1      | 555 ||| UPGRADING to +6 ring of strength.
   556 | D:1      | 556 ||| READING scroll labelled XIASHRU CUUSMOSK.
   557 | D:1      | 557 ||| READING scroll labelled DAJULEGYMO.
   558 | D:1      | 558 ||| READING scroll labelled YKKADDO JYHUH.
   659 | D:1      | 659 ||| DROPPING scroll of butterflies.
   698 | D:2      | 698 ||| STAIRDANCE
   701 | D:1      | Reached XP level 3. HP: 20/21 MP: 3/3
   729 | D:2      | Reached skill level 5 in Ranged Weapons
   842 | D:2      | Reached skill level 3 in Fighting
   917 | D:2      | Found a faded altar of an unknown god.
   984 | D:2      | Reached XP level 4. HP: 28/28 MP: 4/4
  1289 | D:2      | 1289 ||| READING scroll labelled AMEIROAMEL.
  1290 | D:2      | 1290 ||| DRINKING 2 fuming yellow potions.
  2091 | D:3      | 2091 ||| UPGRADING to ring of willpower.
  2092 | D:3      | 2092 ||| READING scroll labelled BAXU YNARITAMNEG.
  2097 | D:3      | 2097 ||| READING scroll labelled NUPARIJOAW.
  2098 | D:3      | 2098 ||| READING scroll labelled AMEMNU KYEF.
  2106 | D:4      | Noticed Sigmund
  2115 | D:4      | 2115 ||| FLEEEEING.
  2116 | D:4      | 2116 ||| STAIRDANCE
  2168 | D:4      | 2168 ||| STAIRDANCE
  2207 | D:4      | 2207 ||| STAIRDANCE
  2266 | D:4      | 2266 ||| STAIRDANCE
  2341 | D:4      | 2341 ||| STAIRDANCE
  2377 | D:4      | Slain by Sigmund

Levels and vault maps discovered:
D:1:      saegor_arrival_simple_a, layout_loops_ring, chequers_garden
D:2:      layout_basic, nicolae_ecumenical_oubliette
D:3:      layout_basic
D:4:      layout_cave_pools, nicolae_dithmenos_through_a_glass_darkly,
          chei_slow_surprise, serial_shops, shop, grunt_decor_arrowhead,
          uniq_sigmund, uniq_blork_the_orc

Skill      XL: |  1  2  3 |
---------------+----------+-----
Ranged Weapons | 5 |  5.6
Fighting       | 3 |  3.1
Dodging        | |  1.5
Stealth        | |  1.1

Action                     |  1- 3 |  4- 6 || total
---------------------------+-------+-------++-------
   Fire: Shortbow          |   103 |    88 ||   191
    Use: Scroll            |     3 |     4 ||     7
         Potion            |       |     1 ||     1
 Armour: Leather armour    |    19 |    16 ||    35
  Dodge: Dodged            |    27 |    14 ||    41

Table legend:
 A = Non-vault XP
 B = Vault XP
 C = Vault XP percentage of total XP
 D = Non-vault monster count
 E = Vault monster count
 F = Vault count percentage of total count
                 A         B        C        D         E       F
            +---------+---------+-------+---------+---------+-------
      Total |     144 |       0 |   0.0 |      60 |       0 |   0.0
            +---------+---------+-------+---------+---------+-------
        D:1 |      37 |       0 |   0.0 |      21 |       0 |   0.0
        D:2 |      60 |       0 |   0.0 |      21 |       0 |   0.0
        D:3 |      46 |       0 |   0.0 |      17 |       0 |   0.0
        D:4 |       1 |       0 |   0.0 |       1 |       0 |   0.0
            +---------+---------+-------+---------+---------+-------
